 Seeded DCSS version 0.29.1-13-g9f3cf754e1 (webtiles) character file.

Game seed: 20230119 (custom seed)

3064 stormannn the Protected (level 9, -3/81 HPs)
             Began as a Minotaur Hunter on Jan 19, 2023.
             Was an Initiate of Gozag.
             Slain by an orc warrior
             ... wielding a +0 mace
              (7 damage)
             ... on level 8 of the Dungeon.
             The game lasted 00:12:20 (9419 turns).

stormannn the Protected (Minotaur Hunter)           Turns: 9419, Time: 00:12:21

Health: -3/81      AC: 10    Str: 20    XL:     9   Next: 57%
Magic:  8/8        EV: 14    Int:  6    God:    Gozag
Gold:   131        SH:  0    Dex: 18    Spells: 8/8 levels left

rFire   x . .      SeeInvis .   a - +2 shortbow
rCold   + . .      Faith    .   (shield currently unavailable)
rNeg    . . .      Spirit   .   g - +0 scale mail "Nuxovu" {rElec rPois}
rPois   +          Reflect  .   (helmet restricted)
rElec   +          Harm     .   (no cloak)
rCorr   +          Rampage  +   (no gloves)
Will    .....                   c - +1 pair of boots of Discretion {Rampage rF- rC+ Str+4}
Stlth   ..........              (no amulet)
HPRegen 0.23/turn               d - ring of resist corrosion
MPRegen 0.11/turn               (no ring)

@: no status effects
A: horns 2, retaliatory headbutt
a: Renounce Religion, Potion Petition, Call Merchant, Bribe Branch


You were on level 8 of the Dungeon.
You worshipped Gozag.
Gozag was aware of your devotion.
You visited 2 branches of the dungeon, and saw 9 of its levels.

You collected 747 gold pieces.
You spent 536 gold pieces at shops.
You paid 80 gold pieces to Gozag.

Inventory:

Hand Weapons
 a - a +2 shortbow (weapon)
Missiles
 m - 28 poisoned darts (quivered)
 x - a throwing net
Armour
 c - the +1 pair of boots of Discretion (worn) {Rampage rF- rC+ Str+4}
   (You bought it in a shop on level 8 of the Dungeon)

   Str:       It affects your strength (+4).
   rF:        It makes you vulnerable to fire.
   rC:        It protects you from cold.
   Rampage:   It bestows one free step when moving towards enemies.
 g - the +0 scale mail "Nuxovu" (worn) {rElec rPois}
   (You bought it in a shop on level 4 of the Dungeon)

   rElec:     It insulates you from electricity.
   rPois:     It protects you from poison.
Jewellery
 d - a ring of resist corrosion (left hand)
Wands
 o - a wand of flame (44)
Scrolls
 b - a scroll of immolation
 e - a scroll of identify
 h - a scroll of enchant armour
 i - 3 scrolls of teleportation
Potions
 f - a potion of berserk rage
 l - 2 potions of degeneration
 p - a potion of magic
 r - a potion of brilliance
 u - a potion of haste
 v - a potion of mutation
 w - a potion of attraction


   Skills:
 * Level 8.1 Fighting
 * Level 8.2 Ranged Weapons
 + Level 8.3 Armour
 + Level 8.1 Dodging
 - Level 0.7 Stealth


You had 8 spell levels left.
You didn't know any spells.
Your spell library contained the following spells:

 Spells                   Type           Power      Damage    Failure   Level
 Poisonous Vapours        Pois/Air       0%         N/A       88%         2
 Scorch                   Fire           0%         2d5       88%         2
 Gell's Gravitas          Tloc           0%         N/A       98%         3
 Portal Projectile        Hex/Tloc       0%         N/A       98%         3
 Teleport Other           Tloc           0%         N/A       98%         3
 Tukima's Dance           Hex            0%         N/A       98%         3
 Flame Wave               Conj/Fire      0%         2d4       100%        4
 Blade Hands              Tmut           0%         N/A       100%        5
 Dispersal                Tloc           0%         N/A       100%        6
 Summon Cactus Giant      Summ           0%         N/A       100%        6
 Corpse Rot               Necr/Pois/Air  Unusable   N/A       N/A         4

Dungeon Overview and Level Annotations

Branches:
Dungeon (8/15)             Temple (1/1) D:5
   Lair: D:8-11

Altars:
Ashenzari
Cheibriados
Dithmenos
Elyvilon
Fedhas
Gozag
Hepliaklqana
Kikubaaqudgha
Nemelex Xobeh
Okawaru
Qazlal
Ru
Sif Muna
Trog
Uskayaw
Vehumet
Xom
Yredelemnul
Zin
The Shining One

Shops:
D:4 ([!*[   D:8 [


Innate Abilities, Weirdness & Mutations

You have a pair of horns on your head.
You reflexively headbutt those who attack you in melee.


Message History

* * * LOW HITPOINT WARNING * * *
Fire: a) +2 shortbow
Press: ? - help, Shift-Dir - straight line, f/p - orc warrior
Aim: an orc warrior, wielding a +0 mace and wearing a +0 plate armour (moderately wounded, 71% to hit)
You shoot an arrow. The arrow hits the orc warrior!
The orc warrior is severely wounded.
The orc warrior closely misses you.
Fire: a) +2 shortbow
Press: ? - help, Shift-Dir - straight line, f/p - orc warrior
Aim: an orc warrior, wielding a +0 mace and wearing a +0 plate armour (severely wounded, 71% to hit)
You shoot an arrow.
The arrow closely misses the orc warrior.
The arrow hits the electric eel.
The electric eel is lightly wounded.
The orc warrior hits you with a +0 mace!
* * * LOW HITPOINT WARNING * * *
The orc warrior attacks as you move away!
The orc warrior hits you with a +0 mace.
* * * LOW HITPOINT WARNING * * *
Things that are here:
a +0 trident; a +0 robe Fire: a) +2 shortbow
Press: ? - help, Shift-Dir - straight line, f/p - orc warrior
Aim: an orc warrior, wielding a +0 mace and wearing a +0 plate armour (severely wounded, 71% to hit)
You shoot an arrow.
The arrow barely misses the orc warrior.
The orc warrior hits you with a +0 mace!
* * * LOW HITPOINT WARNING * * *
Okay, then.
Okay, then.
Unknown command.
Okay, then.
Fire: a) +2 shortbow
Press: ? - help, Shift-Dir - straight line, f/p - orc warrior
Aim: an orc warrior, wielding a +0 mace and wearing a +0 plate armour (severely wounded, 71% to hit)
You shoot an arrow.
The arrow barely misses the orc warrior.
The orc warrior hits you with a +0 mace!
You die...
Your body crumbles into a pile of gold.

###......# ##........#
#........# #####...#...##
#..###.##....##...##
###..#........###....#
#............<.#....##
###..#..##...))##....####
##.#...#.#....@##.....#..##
#.....##......o##.........#
##..............(.#.♣......#
#...##.....#......♣.∩.♣..##
##.####..##.#........♣.....#
....#
#...#..................
###.#
....................♣~P .#
........).........♣~♣♣ .#
...............SSPP~~


You could see an orc warrior.

Vanquished Creatures
  Sigmund (D:3)
  A steam dragon (D:7)
  2 water moccasins
  An ice beast (D:7)
  An orc warrior (D:6)
  A black bear (D:4)
  An ogre (D:6)
  3 centaurs
  3 kobold brigands
  4 bullfrogs
  A necrophage (D:5)
  5 scorpions
  4 wights (D:8)
  2 howler monkeys (D:6)
  3 electric eels (D:8)
  2 jellies
  A gnoll bouda (D:5)
  2 hounds (D:5)
  5 iguanas
  3 orc wizards
  9 gnolls
  10 adders
  2 white imps
  2 worms
  14 orcs
  4 endoplasms
  6 giant cockroaches
  5 goblins
  A hobgoblin (D:1)
  4 jackals (D:2)
  16 kobolds
  4 quokkas
  12 ball pythons
  4 bats
  2 frilled lizards (D:1)
  3 rats
144 creatures vanquished.

Vanquished Creatures (collateral kills)
  An ogre (D:5)
  2 gnolls (D:5)
3 creatures vanquished.

Vanquished Creatures (others)
  28 plants (D:8)
28 creatures vanquished.

Grand Total: 175 creatures vanquished

Notes
Turn   | Place    | Note
-------+----------+-------------------------------------------
     0 | D:1      | stormannn the Minotaur Hunter began the quest for the Orb.
     0 | D:1      | Reached XP level 1. HP: 18/18 MP: 0/0
   194 | D:1      | Reached skill level 1 in Armour
   239 | D:1      | Reached XP level 2. HP: 25/25 MP: 1/1
   790 | D:2      | Found a faded altar of an unknown god.
   915 | D:2      | Reached XP level 3. HP: 30/30 MP: 2/2
  1963 | D:3      | Noticed Sigmund
  1991 | D:3      | Killed Sigmund
  1992 | D:3      | Reached skill level 5 in Ranged Weapons
  1992 | D:3      | Reached XP level 4. HP: 39/40 MP: 3/3
  1992 | D:3      | Reached XP level 5. HP: 45/46 MP: 4/4
  2469 | D:4      | Found Xaownyc's Weapon Shop.
  2481 | D:4      | Found Nazitol's Antique Armour Shoppe.
  2483 | D:4      | Found Voc Rew's Distillery.
  2485 | D:4      | Found Otroywou's Assorted Antiques.
  2485 | D:4      | Found Untunaub's Antique Armour Shoppe.
  2496 | D:4      | Bought a potion of heal wounds for 65 gold pieces
  2552 | D:4      | Found a shimmering altar of Xom.
  2553 | D:4      | Found a shimmering altar of Xom.
  2554 | D:4      | Found a shimmering altar of Xom.
  2556 | D:4      | Found a shimmering altar of Xom.
  2608 | D:4      | Reached XP level 6. HP: 52/52 MP: 5/5
  3437 | D:4      | Reached skill level 5 in Dodging
  3474 | D:5      | Entered Level 5 of the Dungeon
  3682 | D:5      | Reached XP level 7. HP: 51/59 MP: 6/6
  3726 | D:5      | Reached skill level 5 in Armour
  3880 | D:5      | Identified the +2 falchion of Peuk Kebla {holy, Will+}
  4204 | D:5      | HP: 1/60 [gnoll/+0 spear[a gnoll bouda] (5)]
  4729 | D:5      | Reached skill level 5 in Fighting
  4873 | D:5      | Found a staircase to the Ecumenical Temple.
  4927 | Temple   | Entered the Ecumenical Temple
  5029 | Temple   | Became a worshipper of Gozag Ym Sagoz the Greedy
  5192 | D:5      | Reached XP level 8. HP: 45/67 MP: 7/7
  6192 | D:6      | Found a sacrificial altar of Ru.
  6751 | D:4      | Bought a slimy scale mail for 243 gold pieces
  6751 | D:4      | Identified the +0 scale mail "Nuxovu" {rElec rPois} (You
                  | bought it in a shop on level 4 of the Dungeon)
  7051 | D:6      | Found a snail-covered altar of Cheibriados.
  7591 | D:7      | Reached XP level 9. HP: 78/78 MP: 8/8
  8766 | D:8      | Noticed a two-headed ogre
  8969 | D:8      | Found Orump's Antique Armour Shoppe.
  8973 | D:8      | Bought a pair of brightly glowing boots for 228 gold pieces
  8973 | D:8      | Identified the +1 pair of boots of Discretion {Rampage rF-
                  | rC+ Str+4} (You bought it in a shop on level 8 of the
                  | Dungeon)
  9418 | D:8      | HP: 3/81 [orc warrior/+0 mace (8)]
  9419 | D:8      | Slain by an orc warrior

Illustrated notes

Levels and vault maps discovered:
D:1:      lemuel_arrival_behind_the_door_small, layout_loops_cross
D:2:      layout_basic, dreamdust_ecumenical_altar_angels_and_demons
D:3:      layout_basic, uniq_sigmund
D:4:      layout_rooms, xom_redecorated, nicolae_wooded_promenade,
          minmay_door_square, grunt_decor_mini_mirrors, minmay_curled_crystal,
          minmay_snake_closets
D:5:      minmay_general_purpose_star, layout_rooms, minmay_temple_entry_ruins
D:6:      layout_loops_cross, cheibrodos_worm_habitat, old_standard_altar
D:7:      layout_cave_pods
D:8:      layout_cave_pools, general_overflow_altar, enter_bailey_5,
          serial_bayou, serial_bayou_lake_a, serial_bayou_pond_b,
          serial_bayou_crossing, serial_bayou_shore_b, serial_shops,
          nicolae_shop_trees, kennysheep_generic_room_14
Temple:   minmay_temple_bridge_d

Skill      XL: |  1  2  3  4  5  6  7  8  9 |
---------------+----------------------------+-----
Armour         | 1 3 4 6 7 8 |  8.3
Dodging        | 4 5 6 7 8 |  8.1
Fighting       | 3 4 5 6 8 |  8.1
Ranged Weapons | 5 6 7 8 |  8.2
Stealth        | |  0.7

Action                   |  1- 3 |  4- 6 |  7- 9 || total
-------------------------+-------+-------+-------++-------
 Fire: Shortbow          |   119 |    78 |   378 ||   575
Throw: Dart              |       |       |     9 ||     9
Evoke: Wand              |       |       |     1 ||     1
  Use: Potion            |     3 |       |    10 ||    13
       Scroll            |       |     1 |    21 ||    22
Armor: Leather armour    |     6 |    10 |    19 ||    35
       Skin              |    11 |       |       ||    11
       Scale mail        |       |       |    43 ||    43
Dodge: Dodged            |    36 |    40 |   204 ||   280
